 Dungeon Crawl Stone Soup version 0.25-a0-164-gb55e97dba5 (webtiles) character file.

Game seed: 16791393256659711546, levelgen mode: deterministic

1661487 hittemvvvvvvvvvhard the Slayer (level 26, 251/251 HPs)
             Began as a Minotaur Abyssal Knight on Nov 22, 2019.
             Was the Champion of Lugonu.
             Escaped with the Orb
             ... and 3 runes!
             The game lasted 04:00:33 (70613 turns).

hittemvvvvvvvvvhard the Slayer (MiAK)              Turns: 70613, Time: 04:00:34

Health: 251/251    AC: 48    Str: 26      XL:     26   Next: 59%
Magic:  44/44      EV: 21    Int:  4 (6)  God:    Lugonu [******]
Gold:   5022       SH: 31    Dex: 13      Spells: 32/33 levels left

rFire    + + .     SeeInvis +   a - +9 broad axe (distort)
rCold    + . .     Gourm    .   O - +8 large shield
rNeg     + + +     Faith    .   n - +14 plate armour "Rasytz" {Slay+6}
rPois    +         Spirit   +   W - +2 hat of the Bear Spirit {Spirit, +Rage rN+ MR++}
rElec    .         Reflect  .   q - +1 cloak "Qogg" {rF++ rN+ MP+9}
rCorr    .         Harm     .   o - +3 pair of gauntlets of War {Slay+5}
MR       +++..                  s - +2 pair of boots {Fly}
Stlth    ..........             R - amulet of Wu Jian's Hatred {rC+ Regen+ SInv}
HPRegen  0.91/turn              P - ring "Wiegus" {rPois rN+ Int-3 Stlth+}
MPRegen  0.29/turn              E - +6 ring of evasion

@: no status effects
A: retaliatory headbutt, horns 2
0: Orb of Zot
}: 3/15 runes: barnacled, silver, gossamer
a: Depart the Abyss, Bend Space, Banish, Corrupt, Enter the Abyss, Renounce
Religion, Evoke Berserk Rage, Evoke Flight


You escaped.
You worshipped Lugonu.
Lugonu was exalted by your worship.
You were not hungry.

You visited 10 branches of the dungeon, and saw 52 of its levels.
You visited the Abyss 3 times.
You also visited: Bailey, Gauntlet and Ice Cave.

You collected 7830 gold pieces.
You spent 2808 gold pieces at shops.

Inventory:

Hand Weapons
 a - a +9 broad axe of distortion (weapon)
 b - the +4 whip of Ezxi {flame, -Tele +Rage Str-4 Stlth+}
   (You found it on level 5 of the Dungeon)

   It has been specially enchanted to burn those struck by it, causing extra
   injury to most foes and up to half again as much damage against particularly
   susceptible opponents.
   It affects your strength (-4).
   It lets you go berserk.
   It prevents most forms of teleportation.
   It makes you more stealthy.
Missiles
 g - 9 throwing nets {=f}
Armour
 n - the +14 plate armour "Rasytz" (worn) {Slay+6}
   (You found it on level 3 of the Lair of Beasts)

   It affects your accuracy and damage with ranged weapons and melee attacks
   (+6).
 o - the +3 pair of gauntlets of War (worn) {Slay+5}
   (You found it on level 5 of the Dungeon)

   It affects your accuracy and damage with ranged weapons and melee attacks
   (+5).
 q - the +1 cloak "Qogg" (worn) {rF++ rN+ MP+9}
   (You found it in a bailey)

   It greatly protects you from fire.
   It protects you from negative energy.
   It affects your magic capacity (+9).
 s - a +2 pair of boots of flying (worn)
 O - a +8 large shield (worn)
 W - the +2 hat of the Bear Spirit (worn) {Spirit, +Rage rN+ MR++}
   (You found it on level 4 of the Spider Nest)

   It protects you from negative energy.
   It affects your resistance to hostile enchantments.
   It lets you go berserk.
Jewellery
 E - a +6 ring of evasion (right hand)
 F - the ring of Loocin {rF+ MR+ Stlth+}
   (You took it off a deep elf elementalist on level 3 of the Elven Halls)

   [ring of protection from fire]

   It protects you from fire.
   It affects your resistance to hostile enchantments.
   It makes you more stealthy.
 P - the ring "Wiegus" (left hand) {rPois rN+ Int-3 Stlth+}
   (You found it on level 3 of the Crypt)

   [ring of positive energy]

   It affects your intelligence (-3).
   It protects you from poison.
   It protects you from negative energy.
   It makes you more stealthy.
 R - the amulet of Wu Jian's Hatred (around neck) {rC+ Regen+ SInv}
   (You found it on level 3 of the Crypt)

   [amulet of regeneration]

   It protects you from cold.
   It lets you see invisible.
   It increases your rate of regeneration.
Wands
 d - a wand of disintegration (29)
 x - a wand of scattershot (27)
 D - a wand of digging (8)
 H - a wand of iceblast (80)
 J - a wand of flame (138)
 T - a wand of acid (9)
 V - a wand of paralysis (24)
 X - a wand of enslavement (29)
Scrolls
 c - 7 scrolls of fear
 f - 6 scrolls of fog
 i - 27 scrolls of identify
 l - 4 scrolls of silence
 r - 5 scrolls of magic mapping {!r}
 t - 22 scrolls of teleportation
 B - 7 scrolls of blinking {!r}
 G - 3 scrolls of holy word {!r}
 K - 2 scrolls of vulnerability {!r!r}
 Y - 20 scrolls of remove curse
 Z - 2 scrolls of summoning
Potions
 h - 11 potions of agility {!q trove}
 j - 7 potions of magic
 k - 3 potions of ambrosia
 u - 5 potions of resistance
 v - 4 potions of invisibility
 w - 7 potions of flight
 z - 14 potions of heal wounds
 A - 2 potions of might
 L - 4 potions of cancellation
 M - 7 potions of mutation {!q}
 Q - 6 potions of haste
 U - 18 potions of curing
Miscellaneous
 m - a lightning rod (4/4)
 p - a sack of spiders
 y - a fan of gales
 C - a lamp of fire
 S - 6 phantom mirrors
Comestibles
 e - 64 rations
 N - a chunk of flesh


   Skills:
 - Level 23.4 Fighting
 - Level 15.8(18.3) Axes
 - Level 16.0(18.4) Maces & Flails
 - Level 22.0 Armour
 - Level 15.3 Dodging
 + Level 19.4 Shields
 - Level 4.0 Spellcasting
 - Level 8.0 Summonings
 - Level 17.1 Invocations
 - Level 19.1 Evocations


You had 32 spell levels left.
You knew the following spells:

 Your Spells              Type           Power        Failure   Level  Hunger
B - Summon Butterflies    Summ           #.......     13%         1    ##.....

Your spell library contained the following spells:

 Spells                   Type           Power        Failure   Level  Hunger
 Summon Small Mammal      Summ           #...         13%         1    ##.....
 Call Imp                 Summ           #.......     19%         2    ###....
 Call Canine Familiar     Summ           #.......     36%         3    ####...
 Summon Guardian Golem    Hex/Summ       #.......     89%         3    ####...
 Animate Skeleton         Necr           N/A          98%         1    ##.....
 Apportation              Tloc           #.....       98%         1    ##.....
 Confusing Touch          Hex            #.....       98%         1    ##.....
 Corona                   Hex            #......      98%         1    ##.....
 Flame Tongue             Conj/Fire      #....        98%         1    ##.....
 Freeze                   Ice            #...         98%         1    ##.....
 Infusion                 Chrm           #...         98%         1    ##.....
 Pain                     Necr           #...         98%         1    ##.....
 Sandblast                Erth           #.....       98%         1    ##.....
 Shock                    Conj/Air       #...         98%         1    ##.....
 Sting                    Conj/Pois      #...         98%         1    ##.....
 Blink                    Tloc           N/A          99%         2    ###....
 Corpse Rot               Necr           N/A          99%         2    ###....
 Ensorcelled Hibernation  Hex/Ice        #.....       99%         2    ###....
 Passwall                 Tmut/Erth      #.......     99%         2    ###....
 Poisonous Vapours        Pois/Air       #.....       99%         2    ###....
 Searing Ray              Conj           #.....       99%         2    ###....
 Slow                     Hex            #.......     99%         2    ###....
 Sublimation of Blood     Necr           #.........   99%         2    ###....
 Swiftness                Chrm/Air       #.......     99%         2    ###....
 Throw Flame              Conj/Fire      #.....       99%         2    ###....
 Throw Frost              Conj/Ice       #.....       99%         2    ###....
 Confuse                  Hex            #.......     100%        3    ####...
 Conjure Flame            Conj/Fire      #.......     100%        3    ####...
 Dazzling Spray           Conj/Hex       #.....       100%        3    ####...
 Gell's Gravitas          Tloc           #.........   100%        3    ####...
 Ignite Poison            Fire/Tmut/Pois #.......     100%        3    ####...
 Inner Flame              Hex/Fire       #.......     100%        3    ####...
 Lesser Beckoning         Tloc           #.........   100%        3    ####...
 Mephitic Cloud           Conj/Pois/Air  #.......     100%        3    ####...
 Ozocubu's Armour         Chrm/Ice       #.......     100%        3    ####...
 Portal Projectile        Hex/Tloc       #.....       100%        3    ####...
 Regeneration             Chrm/Necr      #.........   100%        3    ####...
 Static Discharge         Conj/Air       #.......     100%        3    ####...
 Stone Arrow              Conj/Erth      #.....       100%        3    ####...
 Tukima's Dance           Hex            #.......     100%        3    ####...
 Vampiric Draining        Necr           #.........   100%        3    ####...
 Airstrike                Air            #.........   100%        4    #####..
 Animate Dead             Necr           N/A          100%        4    #####..
 Cause Fear               Hex            #.........   100%        4    #####..
 Force Lance              Conj/Tloc      #.......     100%        4    #####..
 Iskenderun's Mystic Bla  Conj           #.......     100%        4    #####..
 Leda's Liquefaction      Hex/Erth       #.........   100%        4    #####..
 Olgreb's Toxic Radiance  Pois           #.......     100%        4    #####..
 Petrify                  Tmut/Erth      #.......     100%        4    #####..
 Sticky Flame             Conj/Fire      #.......     100%        4    #####..
 Summon Ice Beast         Ice/Summ       #.......     100%        4    #####..
 Summon Lightning Spire   Summ/Air       #.......     100%        4    #####..
 Throw Icicle             Conj/Ice       #.......     100%        4    #####..
 Alistair's Intoxication  Tmut/Pois      #.......     100%        5    ######.
 Bolt of Draining         Conj/Necr      #.........   100%        5    ######.
 Bolt of Magma            Conj/Fire/Erth #.........   100%        5    ######.
 Borgnjor's Vile Clutch   Necr/Erth      #.........   100%        5    ######.
 Excruciating Wounds      Chrm/Necr      #.........   100%        5    ######.
 Fireball                 Conj/Fire      #.........   100%        5    ######.
 Irradiate                Conj/Tmut      #.........   100%        5    ######.
 Iskenderun's Battlesphe  Conj/Chrm      #.......     100%        5    ######.
 Lee's Rapid Deconstruct  Erth           #.........   100%        5    ######.
 Lightning Bolt           Conj/Air       #.........   100%        5    ######.
 Metabolic Englaciation   Hex/Ice        #.........   100%        5    ######.
 Summon Forest            Summ/Tloc      #.........   100%        5    ######.
 Venom Bolt               Conj/Pois      #.........   100%        5    ######.
 Yara's Violent Unravell  Hex/Tmut       #.........   100%        5    ######.
 Bolt of Fire             Conj/Fire      #.........   100%        6    #######
 Death Channel            Necr           #.........   100%        6    #######
 Dispersal                Tloc           #.........   100%        6    #######
 Hydra Form               Tmut           #.........   100%        6    #######
 Invisibility             Hex            #.......     100%        6    #######
 Iron Shot                Conj/Erth      #.........   100%        6    #######
 Poison Arrow             Conj/Pois      #.........   100%        6    #######
 Statue Form              Tmut/Erth      #........    100%        6    #######
 Dragon Form              Tmut           #.........   100%        7    #######
 Haunt                    Necr/Summ      #.........   100%        7    #######
 Orb of Destruction       Conj           #.........   100%        7    #######
 Ring of Flames           Chrm/Fire      #.........   100%        7    #######
 Spellforged Servitor     Conj/Summ      #.........   100%        7    #######
 Chain Lightning          Conj/Air       #.........   100%        8    #######
 Controlled Blink         Tloc           N/A          100%        8    #######
 Disjunction              Tloc           #.........   100%        8    #######
 Ignition                 Fire           #.........   100%        8    #######
 Lehudib's Crystal Spear  Conj/Erth      #.........   100%        8    #######
 Fire Storm               Conj/Fire      #.........   100%        9    #######
 Glaciate                 Conj/Ice       #.........   100%        9    #######


Dungeon Overview and Level Annotations

Branches:
Dungeon (15/15)            Temple (0/1) D:6            Lair (6/6) D:10
 Shoals (4/4) Lair:2       Spider (4/4) Lair:3        Slime (0/5) Lair:5
    Orc (2/2) D:11            Elf (3/3) Orc:2        Vaults (5/5) D:14
  Crypt (3/3) Vaults:3       Tomb (0/3) Crypt:3      Depths (5/5) D:15
    Zot (5/5) Depths:5     Bailey (visited)           IceCv (visited)
Gauntlet (visited)

Altars:
Elyvilon
Gozag
Hepliaklqana
Kikubaaqudgha
Makhleb
Nemelex Xobeh
Okawaru
Ru
Sif Muna
Wu Jian
Yredelemnul
Zin
The Shining One
Beogh
Lugonu

Shops:
D:15 *}   Orc:1 [   Orc:2 (!*=   Shoals:3 *   Vaults:1 [

Portals:
Hell: Depths:1 Depths:2 Depths:3 Depths:4 Depths:5
Abyss: Depths:1 Depths:2 Depths:4
Pandemonium: Depths:1 Depths:3 Depths:5
Ziggurat: Depths:2
Trove: Elf:1 (give 6 potions of agility)

Annotations:
D:3 dont forget uif!
Elf:3 corrupted
Vaults:5 corrupted
Zot:4 exclusion: upstairs
Zot:5 corrupted, 5 exclusions
Abyss:1 Arachne; Azrael; Grinder; Grum; Jorgrun; Joseph; Josephine; Louise; Pikel; Rupert; Saint Roka; Snorg; Sojobo; Sonja; Urug


Innate Abilities, Weirdness & Mutations

You reflexively headbutt those who attack you in melee.
You have a pair of horns on your head.


Message History

Okay, then.
You swap places.
You swap places.
You swap places.
You swap places.
You enter the shallow water.
Moving in this stuff is going to be slow.
Your elder shockox beast disappears in a puff of smoke!
You swap places.
Your elder weirdsting beast disappears in a puff of smoke!
Your elder batfire beast disappears in a puff of smoke!
There is a staircase leading out of the dungeon here.
A rock wall.
This square is covered in magical glow.
The rock shatters into small pieces.
A rock wall.
This square is covered in magical glow.
The rock shatters into small pieces.
Your elder weirdox beast disappears in a puff of smoke!
Unknown command.
You have escaped!

# #.# # #.# # #.#
####.# .....####
........#
#######.# ####
############
##.####.≈..HHHHH@#
#.≈.##.≈.≈.#≈HHHH#
.≈≈≈..≈≈≈≈≈.HHHHH#
≈≈≈≈≈≈≈≈≈≈≈≈≈≈HH≈#
≈≈≈≈≈≈≈≈≈≈≈≈≈≈≈≈≈#
≈P≈≈≈≈≈P≈P≈≈≈≈≈≈≈#
.PPP≈≈PPPP≈≈≈≈≈≈≈#
P.P≈P≈≈≈≈≈≈≈≈≈≈≈P#
##################


You could see 16 friendly mutant beasts.

Levels and vault maps discovered:
D:1:      lightli_arrival_windingriver, layout_loops_ring, corner_web_ring,
          hangedman_decor_peaks_small
D:2:      layout_loops_ring, first_ration
D:3:      layout_basic, uniq_crazy_yiuf_cottage
D:4:      layout_rooms, grunt_temple_overflow_order_and_chaos_2,
          gammafunk_ghost_necromancy
D:5:      minmay_clustersquares, layout_basic, okawaru_metal_pillars_1_2
D:6:      minmay_bubble_buster, layout_loops_ring, kennysheep_mini_moat,
          minmay_temple_entry_overgrown, uniq_grinder
D:7:      layout_cave_pools, gammafunk_temple_overflow_forgotten,
          nrook_pool_corridor, uniq_joseph
D:8:      layout_basic, kiku_gazebo_garden_becter, basic_altar,
          hangedman_pestilent_swarm, grunt_tough_drop, uniq_grum, uniq_pikel
D:9:      layout_gridville, old_standard_altar, grunt_temple_overflow_open,
          kennysheep_dice
D:10:     hangedman_cross_veins, layout_basic, bh_circular_ruins, uniq_snorg
D:11:     layout_loops_corners, erik_orc_4, gauntlet_entry_generic,
          minmay_misc_feat_x, uniq_harold, uniq_urug
D:12:     layout_rooms, serial_curves, eino_curves_03, eino_curves_02,
          grunt_decor_cap, uniq_rupert
D:13:     layout_irregular_city, enter_bailey_3
D:14:     layout_rooms, ximxim_vaults_locker_room, tso_metal_star,
          uniq_josephine, uniq_azrael, uniq_kirke, uniq_louise
D:15:     gammafunk_depths_entry_grave, layout_irregular_city, serial_shops,
          shop, nicolae_good_shop
Lair:1:   layout_roguey, grunt_forest_stairs_basic, nzn_random_ring,
          lemuel_fruit_tree, grunt_megastairs_1
Lair:2:   layout_hall_layers, shoals_dummy_entry, lemuel_oklob_altar,
          grunt_megastairs_4, infiniplex_staircase_pool
Lair:3:   layout_hall_layers, nicolae_spider_entry_tight_spaces, serial_bayou,
          serial_bayou_pond_b, serial_bayou_pond_e, serial_bayou_lake_a,
          serial_bayou_lagoon_b, lemuel_old_faithful, uniq_sonja
Lair:4:   layout_regular_city, st_stairs_11, chequers_serial_rivers_marsh,
          serial_bayou_shore_b, grunt_megastairs_5
Lair:5:   layout_roguey, slime_dummy, grunt_megastairs_2
Lair:6:   evilmike_catoblepas_cave, layout_long_grid, serial_forest,
          infiniplex_forest_clump_double, infiniplex_forest_end_1,
          infiniplex_forest_end_2, infiniplex_forest_end_1,
          infiniplex_forest_straight_1, infiniplex_forest_lined_3,
          infiniplex_forest_clump_cross, infiniplex_forest_end_1,
          hibernation_bobbens, lemuel_fruit_fields, lemuel_fruit_fields
Shoals:1: layout_shoals
Shoals:2: layout_shoals, portal_ice_cave_entry_pillars_four, uniq_ilsuiw
Shoals:3: layout_shoals, serial_shops, nicolae_shop_overgrown_old_shop
Shoals:4: shoals_end_simple, layout_shoals
Spider:1: lemuel_spider_zombies
Spider:2: gammafunk_its_a_trap, nicolae_spider_ant_collections
Spider:3: layout_spider_delve, ebering_ghost_disaster_area, uniq_jorgrun,
          uniq_arachne
Spider:4: johnstein_spider_rune_arachne_lair, nicolae_orb_island
Orc:1:    layout_caves, serial_shops, shop_coins, basic_altar,
          ebering_ghost_inner_flame, nicolae_orc_damp_corner
Orc:2:    st_orc_pillars, layout_diamond_mine
Elf:1:    elf_arrival_001, layout_onion_city, nicolae_trove_entry_crossroad,
          evilmike_minifort, minmay_elf_sorcery
Elf:2:    layout_geoelf_octagon, minivault_27
Elf:3:    elf_hall, layout_gridlike, not_door_vault_due
Vaults:1: vaults_room_stairs_pillars, nicolae_vaults_asterisk,
          nicolae_vaults_little_squares_2, v_misc_3, nicolae_vaults_rhombus_5,
          nicolae_vaults_network_quinsquares
          [nicolae_vaults_network_quincunx_subvault,
          nicolae_vaults_network_quincunx_subvault,
          nicolae_vaults_network_quincunx_subvault,
          nicolae_vaults_network_quincunx_subvault], v_rooms_4,
          vaults_dpeg_diagonal, v_alt_pattern_3, grunt_vaults_swirl,
          hangedman_vaults_nails, v_misc_1, nicolae_vaults_circle_grid_b,
          ontoclasm_vaults_idyll, ontoclasm_vaults_shuriken,
          grunt_vaults_hallway_short, nicolae_vaults_little_squares_1,
          layout_vaults_omnibox, serial_shops, shop, uniq_saint_roka
Vaults:2: v_misc_28, nicolae_vaults_puzzle_piece, dpeg_vaults_monster_row,
          nicolae_vaults_three_branches, nicolae_vaults_hallways_thing,
          grunt_vaults_hallway_long, nicolae_vaults_quartermaster,
          v_alt_pattern_4, v_alt_pattern_2, v_misc_25, vaults_room_boxed,
          ontoclasm_vaults_gateway, vaults_room_stairs_pillars,
          layout_vaults_ring
Vaults:3: v_alt_pattern_2, nicolae_vaults_network_s, v_misc_13,
          hangedman_vaults_maws, vaults_room_fours, v_misc_3,
          vaults_dpeg_encased_lava, layout_vaults_omnigrid, dummy_crypt_entry
Vaults:4: ebering_vaults_ghost_inner_flame, nicolae_vaults_stairing_the_circle,
          nicolae_vaults_big_angled_halls, v_alt_pattern_3, vaults_room_grid,
          nicolae_vaults_twisting_passages, vaults_room_pools,
          ontoclasm_vaults_ring_large, nicolae_vaults_network_square,
          nicolae_vaults_little_ls, nicolae_vaults_branching_niches,
          hangedman_vaults_stretched_pinwheel, layout_vaults_maze
Vaults:5
Crypt:1:  layout_misc_corridors
Crypt:2:  layout_regular_city, uniq_sojobo, uniq_mara
Crypt:3:  church_of_pain_bobbens, layout_chaotic_city,
          tomb_entry_sphere_bobbens, st_stairs_5
Depths:1: layout_cave_shapes, marbit_kobold_abyss_entry,
          nemelex_xobeh_ov_fountains_minmay, grunt_hell_entry_dis_mu,
          grunt_pan_entry_zigzag, kennysheep_generic_room_16
Depths:2: cheibrodos_tormentor_scu, layout_cave_shapes, enter_ziggurat_d,
          glass_columns_c, grunt_hell_horde, abyss_entry, infiniplex_staircase_x
Depths:3: kennysheep_treasure_stockpile, layout_cave_pools, pan_entry,
          pf_hell_entry_great_geh, kennysheep_diamond, moated_statue,
          minmay_misc_feat_diagonals, lightli_fourway_metalbox
Depths:4: minmay_the_grid_triangle_9x9_recursive_2_mashed
          [minmay_the_grid_triangle_9x9_prize_special,
          minmay_the_grid_triangle_9x9_empty,
          minmay_the_grid_triangle_9x9_intruding_spiral,
          minmay_the_grid_triangle_9x9_minimal], layout_gridlike, hell_entry,
          abyss_entry_crystal, interstate_on_off, tgw_lugonu_bribe,
          infiniplex_staircase_pillars_1
Depths:5: evilmike_zot_entry_basic, layout_honeycomb, pf_hell_entry_tar_river,
          pan_entry, kennysheep_pointless_box
Zot:1:    layout_basic
Zot:2:    lemuel_draconian_sentries, layout_misc_corridors
Zot:3:    regret_index_qazlal_generations, layout_basic
Zot:4:    layout_misc_corridors
Zot:5:    layout_basic

Notes
Turn   | Place    | Note
-------+----------+-------------------------------------------
     0 | Abyss:1  | hittemvvvvvvvvvhard the Minotaur Abyssal Knight began the
                  | quest for the Orb.
     0 | Abyss:1  | Reached XP level 1. HP: 19/19 MP: 1/1
    55 | D:1      | Escaped the Abyss
   207 | D:1      | Reached skill level 4 in Fighting
   207 | D:1      | Reached XP level 2. HP: 24/27 MP: 2/2
   242 | D:1      | Reached * piety under Lugonu
   242 | D:1      | Reached skill level 3 in Maces & Flails
   904 | D:2      | Reached skill level 4 in Maces & Flails
   904 | D:2      | Reached XP level 3. HP: 33/33 MP: 3/3
  1259 | D:2      | Reached skill level 5 in Maces & Flails
  1259 | D:2      | Reached XP level 4. HP: 40/40 MP: 4/4
  1781 | D:3      | Reached ** piety under Lugonu
  1847 | D:2      | Reached skill level 2 in Invocations
  2168 | D:3      | Reached XP level 5. HP: 44/46 MP: 4/6
  2422 | D:3      | Reached skill level 3 in Invocations
  2460 | D:3      | Reached skill level 6 in Maces & Flails
  2523 | D:3      | Reached XP level 6. HP: 22/52 MP: 7/7
  2720 | D:3      | HP: 13/52 [orc/+0 flail (5)]
  2726 | D:3      | HP: 11/52 [hobgoblin/+0 club (4)]
  3206 | D:2      | Reached skill level 7 in Maces & Flails
  3737 | D:3      | Found a runed translucent door.
  3738 | D:3      | Noticed Crazy Yiuf
  4272 | D:4      | Reached *** piety under Lugonu
  4354 | D:4      | Reached skill level 8 in Maces & Flails
  4461 | D:4      | Reached XP level 7. HP: 50/59 MP: 8/8
  4624 | D:4      | Found a burning altar of Makhleb.
  4626 | D:4      | Found a glowing silver altar of Zin.
  4626 | D:4      | Noticed an angel
  4626 | D:4      | Noticed a blizzard demon
  4639 | D:4      | Reached skill level 4 in Invocations
  4745 | D:4      | Found a runed translucent gate.
  4745 | D:4      | Found a runed translucent gate.
  4842 | D:4      | Found a runed translucent gate.
  4844 | D:4      | Noticed dannycarnage's ghost (novice DrVM)
  4874 | D:5      | Entered Level 5 of the Dungeon
  5124 | D:5      | Reached skill level 5 in Invocations
  5240 | D:5      | Reached skill level 6 in Invocations
  5367 | D:5      | Found the +3 pair of gauntlets of War {Slay+5}
  5610 | D:5      | Got a warped whip
  5611 | D:5      | Identified the +4 whip of Ezxi {flame, -Tele +Rage Str-4
                  | Stlth+} (You found it on level 5 of the Dungeon)
  5639 | D:5      | Found an iron altar of Okawaru.
  6064 | D:6      | Reached XP level 8. HP: 66/66 MP: 11/11
  6165 | D:6      | Found a staircase to the Ecumenical Temple.
  6224 | D:6      | Reached skill level 7 in Invocations
  6560 | D:6      | Reached skill level 8 in Invocations
  6731 | D:6      | Noticed Grinder
  6731 | D:6      | Paralysed by Grinder for 2 turns
  6733 | D:6      | Banished Grinder
  6733 | D:6      | Reached skill level 3 in Armour
  6821 | D:6      | Reached skill level 5 in Fighting
  7117 | D:6      | Reached skill level 9 in Maces & Flails
  7117 | D:6      | Reached XP level 9. HP: 54/74 MP: 14/14
  7287 | D:6      | Found a hazy altar of Hepliaklqana.
  7517 | D:7      | Reached skill level 9 in Invocations
  7565 | D:7      | Found a shimmering blue altar of Sif Muna.
  7586 | D:7      | Reached skill level 10 in Maces & Flails
  7836 | D:7      | Noticed Joseph
  7854 | D:7      | Banished Joseph
  7859 | D:7      | Reached skill level 11 in Maces & Flails
  7962 | D:7      | Found a glowing golden altar of the Shining One.
  7962 | D:7      | Found a sacrificial altar of Ru.
  8177 | D:8      | Found a glowing silver altar of Zin.
  8391 | D:8      | Noticed Grum
  8444 | D:8      | Banished Grum
  8444 | D:8      | Reached skill level 12 in Maces & Flails
  8637 | D:8      | Reached skill level 1 in Evocations
  8648 | D:8      | Reached skill level 6 in Fighting
  8648 | D:8      | Reached skill level 2 in Evocations
  8882 | D:8      | Noticed Pikel
  8909 | D:8      | Banished Pikel
  8909 | D:8      | Reached skill level 3 in Evocations
  8909 | D:8      | Reached XP level 10. HP: 83/83 MP: 15/15
  8964 | D:8      | Noticed a two-headed ogre
  8965 | D:8      | Banished a two-headed ogre
  9031 | D:8      | Found an ancient bone altar of Kikubaaqudgha.
  9264 | D:8      | Reached skill level 4 in Evocations
  9368 | D:8      | Noticed a two-headed ogre
  9379 | D:8      | Banished a two-headed ogre
  9418 | D:9      | Found a sparkling altar of Nemelex Xobeh.
  9418 | D:9      | Found a white marble altar of Elyvilon.
  9639 | D:9      | Reached skill level 5 in Evocations
  9738 | D:9      | Got a spiked scale mail
  9766 | D:9      | Identified the +4 scale mail of Untuori {rPois rF+} (You
                  | found it on level 9 of the Dungeon)
  9785 | D:9      | Found an ornate altar of the Wu Jian Council.
 10353 | D:9      | Reached skill level 6 in Evocations
 10410 | D:10     | Entered Level 10 of the Dungeon
 10681 | D:10     | Killed an unseen horror
 10681 | D:10     | Reached skill level 4 in Armour
 10681 | D:10     | Reached skill level 2 in Dodging
 10788 | D:10     | Noticed Snorg
 10790 | D:10     | Banished Snorg
 10790 | D:10     | Reached skill level 3 in Dodging
 10794 | D:10     | Reached skill level 7 in Fighting
 10807 | D:10     | Reached skill level 5 in Armour
 10813 | D:10     | Noticed a white ugly thing
 10813 | D:10     | Noticed a tengu warrior
 10817 | D:10     | Noticed a two-headed ogre
 10844 | D:9      | Killed a white ugly thing
 10844 | D:9      | Reached skill level 4 in Dodging
 10905 | D:10     | Banished a tengu warrior
 10916 | D:10     | Killed a two-headed ogre
 10916 | D:10     | Reached skill level 6 in Armour
 10916 | D:10     | Reached XP level 11. HP: 84/94 MP: 12/16
 11130 | D:10     | Reached skill level 8 in Fighting
 11648 | D:10     | Reached skill level 5 in Dodging
 11798 | D:11     | Noticed Harold
 11825 | D:10     | hittemvvvvvvvvvhard: @?harold
 11825 | D:10     | beem: Harold (@)
                  | Spd:
    10 | HD: 9    | HP: 63-91
                  | AC/EV: 7/6
                  | | Dam: 20
                  | weapons, items, doors, fighter, spellcaster
                  | | Res: magic(60)
                  | XP: 992
                  | Sp: harpoon shot (2d12),
                  | sentinel's mark
                  | Sz: Medium
                  | Int: human.
 11835 | D:11     | Killed Harold
 11835 | D:11     | Reached skill level 7 in Armour
 11970 | D:11     | Reached skill level 9 in Fighting
 12012 | D:11     | Found a staircase to the Orcish Mines.
 12015 | D:11     | Reached skill level 6 in Dodging
 12146 | D:11     | Found a gate leading to a gauntlet.
 12157 | Gauntlet | Entered a Gauntlet
 12157 | Gauntlet | Found a transporter.
 12157 | Gauntlet | Found a transporter.
 12157 | Gauntlet | Found a transporter.
 12157 | Gauntlet | Noticed a tengu warrior
 12160 | Gauntlet | Found a transporter.
 12162 | Gauntlet | Found a transporter.
 12174 | Gauntlet | Noticed a wizard
 12176 | Gauntlet | Found a transporter.
 12177 | Gauntlet | Found a transporter.
 12187 | Gauntlet | Noticed a hell hog
 12187 | Gauntlet | Noticed a reaper
 12190 | Gauntlet | Found a transporter.
 12277 | Gauntlet | Noticed a harpy
 12281 | Gauntlet | Found a transporter.
 12287 | Gauntlet | a harpy changed into a raiju
 12292 | Gauntlet | Found a transporter.
 12295 | Gauntlet | Found a transporter.
 12305 | Gauntlet | Found a transporter.
 12454 | Gauntlet | Reached skill level 8 in Armour
 12574 | Gauntlet | Banished a hell hog
 12574 | Gauntlet | Reached skill level 10 in Fighting
 12618 | Gauntlet | Got a shimmering cloak
 12629 | Gauntlet | Identified the cursed -2 cloak of the Mind {+Inv rCorr
                  | Int-4 SInv} (You found it in a Gauntlet)
 12703 | Gauntlet | Identified the cursed +0 shortbow "Kiomij" {flame, rC+}
 12703 | Gauntlet | Noticed a minotaur
 12719 | Gauntlet | Killed a minotaur
 12719 | Gauntlet | Reached skill level 9 in Armour
 12880 | Gauntlet | Identified Xolowo's Grimoire of Toxins and Air
 13056 | D:11     | Reached skill level 10 in Armour
 13154 | D:11     | Noticed Urug
 13156 | D:11     | Banished Urug
 13717 | D:10     | Reached XP level 12. HP: 105/106 MP: 17/17
 14193 | D:10     | Found a staircase to the Lair.
 14706 | Lair:1   | Entered Level 1 of the Lair of Beasts
 14815 | Lair:1   | Noticed a seven-headed hydra
 14820 | Lair:1   | Banished a seven-headed hydra
 15170 | Lair:1   | Reached skill level 7 in Dodging
 15242 | Lair:1   | Got a pitted long sword
 15243 | Lair:1   | Identified the +5 long sword "Heciriv" {drain, MP+9} (You
                  | found it on level 1 of the Lair of Beasts)
 15375 | Lair:1   | Reached **** piety under Lugonu
 15513 | Lair:1   | Reached skill level 1 in Shields
 15568 | Lair:1   | Reached skill level 7 in Evocations
 15927 | Lair:2   | Reached skill level 2 in Shields
 16021 | Lair:2   | Reached skill level 11 in Armour
 16037 | Lair:2   | Reached skill level 11 in Fighting
 16094 | Lair:2   | Noticed a five-headed hydra
 16096 | Lair:2   | Banished a five-headed hydra
 16328 | Lair:2   | Reached skill level 3 in Shields
 16430 | Lair:2   | Found a staircase to the Shoals.
 16440 | Lair:2   | Found an opulent altar of Gozag.
 16592 | Lair:2   | Reached skill level 10 in Invocations
 16707 | Lair:2   | Reached skill level 4 in Shields
 16751 | Lair:2   | Noticed a five-headed hydra
 16753 | Lair:2   | Banished a five-headed hydra
 17076 | Lair:3   | Found a hole to the Spider Nest.
 17200 | Lair:3   | Reached skill level 8 in Dodging
 17200 | Lair:3   | Reached XP level 13. HP: 89/116 MP: 19/19
 17369 | Lair:3   | Reached skill level 5 in Shields
 17815 | Lair:3   | Got a jewelled plate armour
 17826 | Lair:3   | Identified the +14 plate armour "Rasytz" {Slay+6} (You
                  | found it on level 3 of the Lair of Beasts)
 17890 | Lair:3   | Reached skill level 6 in Shields
 18155 | Lair:3   | Noticed Sonja
 18160 | Lair:3   | Banished Sonja
 18583 | Lair:4   | Reached skill level 7 in Shields
 18661 | Lair:4   | Reached skill level 8 in Evocations
 19397 | Lair:5   | Reached skill level 12 in Fighting
 19410 | Lair:5   | Reached skill level 8 in Shields
 19414 | Lair:5   | Reached skill level 9 in Dodging
 19432 | Lair:5   | Reached skill level 12 in Armour
 19908 | Lair:5   | Found a staircase to the Slime Pits.
 20270 | Lair:6   | Entered Level 6 of the Lair of Beasts
 20451 | Lair:6   | Reached skill level 9 in Shields
 20476 | Lair:6   | Reached XP level 14. HP: 117/127 MP: 20/20
 20852 | Lair:6   | Reached skill level 10 in Shields
 20918 | Lair:6   | Reached ***** piety under Lugonu
 21619 | D:13     | Reached skill level 9 in Evocations
 21681 | D:13     | Reached skill level 10 in Dodging
 21766 | D:13     | Got an ebony morningstar
 21868 | D:13     | Found a flagged portal.
 21873 | Bailey   | Entered a bailey
 21874 | Bailey   | Identified the +5 morningstar of Purpose {freeze, -Tele
                  | *Drain +Inv SInv} (You found it on level 13 of the Dungeon)
 22101 | Bailey   | Got a distressingly furry cloak
 22112 | Bailey   | Identified the +1 cloak "Qogg" {rF++ rN+ MP+9} (You found
                  | it in a bailey)
 22425 | D:13     | Reached skill level 11 in Shields
 22761 | D:13     | Got a faintly glowing chain mail
 22772 | D:13     | Identified the +5 chain mail of the Pit {Str+4 Stlth+} (You
                  | found it on level 13 of the Dungeon)
 22926 | D:12     | Noticed Rupert
 22931 | D:12     | Banished Rupert
 23074 | D:12     | Reached skill level 13 in Maces & Flails
 23470 | Orc:1    | Entered Level 1 of the Orcish Mines
 23470 | Orc:1    | Found Secocouf's Armour Shop.
 23796 | Orc:2    | Entered Level 2 of the Orcish Mines
 23932 | Orc:1    | Found a roughly hewn altar of Beogh.
 23953 | Orc:1    | Found a runed translucent door.
 23953 | Orc:1    | Noticed bmj180's ghost (journeyman HOFi)
 24159 | Orc:2    | Found a staircase to the Elven Halls.
 24237 | Orc:2    | Reached XP level 15. HP: 127/134 MP: 21/21
 24470 | Orc:2    | Reached skill level 14 in Maces & Flails
 24470 | Orc:2    | Reached skill level 12 in Shields
 24824 | Orc:2    | Found Mytida's Jewellery Emporium.
 24827 | Orc:2    | Found Makoeg's Antique Weapon Emporium.
 24828 | Orc:2    | Found Dink's General Store.
 24829 | Orc:2    | Found Halev's Distillery.
 24837 | Orc:2    | Bought a potion of heal wounds for 90 gold pieces
 24837 | Orc:2    | Bought 2 potions of curing for 108 gold pieces
 24840 | Orc:2    | Bought a scroll of enchant armour for 135 gold pieces
 25122 | D:14     | Noticed Kirke
 25129 | D:14     | Killed Kirke
 25134 | D:14     | Noticed Louise
 25138 | D:14     | Banished Louise
 25141 | D:14     | Reached skill level 15 in Maces & Flails
 25251 | D:14     | Found a glowing golden altar of the Shining One.
 25251 | D:14     | Noticed Josephine
 25268 | D:14     | Banished Josephine
 25513 | D:14     | Noticed Azrael
 25514 | D:14     | Banished Azrael
 25592 | D:14     | Reached skill level 13 in Shields
 25632 | D:14     | Found a gate to the Vaults.
 25775 | D:15     | Entered Level 15 of the Dungeon
 25849 | D:15     | Found a white marble altar of Elyvilon.
 25851 | D:15     | Found Memim's Hallowed Reliquary.
 25906 | D:15     | Reached skill level 16 in Maces & Flails
 25937 | D:15     | Found a staircase to the Depths.
 26133 | D:14     | Reached skill level 14 in Shields
 26176 | D:14     | Paralysed by an ogre mage for 3 turns
 26286 | D:15     | Found Nyudomer's Gadget Emporium.
 26294 | D:15     | Bought a phantom mirror for 330 gold pieces
 26294 | D:15     | Bought a box of beasts for 220 gold pieces
 26851 | Shoals:1 | Entered Level 1 of the Shoals
 26926 | Shoals:1 | Reached XP level 16. HP: 141/141 MP: 22/22
 27033 | Shoals:1 | Identified a scroll of acquirement
 27240 | Shoals:1 | Reached skill level 15 in Shields
 27581 | Shoals:2 | Noticed Ilsuiw
 27592 | Shoals:2 | Reached skill level 10 in Evocations
 27634 | Shoals:2 | Killed Ilsuiw
 27634 | Shoals:2 | Reached skill level 13 in Fighting
 27720 | Shoals:2 | Reached skill level 13 in Armour
 27735 | Shoals:2 | Noticed a kraken
 27737 | Shoals:2 | Banished a kraken
 27837 | Shoals:2 | Found a frozen archway.
 27850 | IceCv    | Entered an ice cave
 28378 | IceCv    | Reached ****** piety under Lugonu
 28536 | IceCv    | Got a pair of jewelled boots
 28547 | IceCv    | Identified the +2 pair of boots of Voegexka {Dex+4 SInv}
                  | (You found it in an ice cave)
 29189 | Shoals:3 | Reached skill level 11 in Invocations
 29586 | Shoals:3 | Found Ulimeaxt's Assorted Antiques.
 29594 | Shoals:3 | Bought a potion of heal wounds for 220 gold pieces
 29594 | Shoals:3 | Bought a papyrus book for 660 gold pieces
 29594 | Shoals:3 | Bought a potion of heal wounds for 220 gold pieces
 29988 | Shoals:4 | Entered Level 4 of the Shoals
 30142 | Shoals:4 | Reached skill level 14 in Fighting
 30196 | Shoals:4 | Reached skill level 14 in Armour
 30203 | Shoals:4 | Reached skill level 11 in Evocations
 31057 | Shoals:4 | Identified the +1 leather armour of Loaczin {Regen+ Str+3
                  | Int-4}
 31063 | Shoals:4 | Reached XP level 17. HP: 150/154 MP: 24/24
 31164 | Shoals:4 | Got a barnacled rune of Zot
 31371 | Shoals:4 | Got a crude ring mail
 31372 | Shoals:4 | Identified the +3 ring mail of Utasaocs {Dex+3} (You found
                  | it on level 4 of the Shoals)
 31412 | Shoals:4 | Got a fine plate armour
 31426 | Shoals:4 | Identified the +7 plate armour "Kuosurcha" {rPois} (You
                  | found it on level 4 of the Shoals)
 31748 | Shoals:4 | Reached skill level 15 in Fighting
 31750 | Shoals:4 | Reached skill level 15 in Armour
 32116 | Elf:1    | Entered Level 1 of the Elven Halls
 32290 | Elf:1    | Found a portal to a secret trove of treasure.
 32775 | Elf:1    | Noticed a deep elf sorcerer
 32781 | Elf:1    | Killed a deep elf sorcerer
 32804 | Elf:1    | Identified the Reference Book on Conjuration and the
                  | Entourage
 34352 | Elf:2    | Found a huge runed translucent gate.
 34352 | Elf:2    | Found a huge runed translucent gate.
 34352 | Elf:2    | Found a huge runed translucent gate.
 34352 | Elf:2    | Found a huge runed translucent gate.
 34357 | Elf:2    | Reached skill level 11 in Dodging
 34358 | Elf:2    | Found a huge runed translucent gate.
 34962 | Elf:2    | Cast into level 2 of the Abyss (+1 trident of distortion)
 34963 | Elf:2    | Escaped the Abyss
 35198 | Elf:2    | Reached XP level 18. HP: 166/166 MP: 25/25
 35209 | Elf:2    | Reached skill level 12 in Invocations
 35637 | Spider:1 | Entered Level 1 of the Spider Nest
 35693 | Spider:1 | Reached skill level 16 in Armour
 35712 | Spider:1 | Reached skill level 16 in Fighting
 35830 | Spider:1 | Reached skill level 12 in Evocations
 35860 | Spider:2 | Noticed an entropy weaver
 35861 | Spider:2 | Noticed an entropy weaver
 35862 | Spider:2 | Banished an entropy weaver
 35878 | Spider:1 | Killed an entropy weaver
 36102 | Spider:2 | Found a transporter.
 36122 | Spider:2 | Noticed an entropy weaver
 36130 | Spider:2 | Killed an entropy weaver
 36597 | Spider:1 | Reached skill level 12 in Dodging
 37218 | Spider:2 | Noticed an entropy weaver
 37226 | Spider:2 | Killed an entropy weaver
 37231 | Spider:2 | Found a transporter.
 37524 | Spider:2 | Noticed an entropy weaver
 37536 | Spider:2 | Killed an entropy weaver
 37713 | Spider:2 | Noticed an entropy weaver
 37715 | Spider:2 | Noticed an entropy weaver
 37716 | Spider:2 | Banished an entropy weaver
 37716 | Spider:2 | Reached skill level 17 in Armour
 37719 | Spider:2 | Killed an entropy weaver
 37719 | Spider:2 | Reached skill level 17 in Fighting
 38186 | Spider:3 | Noticed Arachne
 38188 | Spider:3 | Banished Arachne
 38203 | Spider:3 | Noticed Jorgrun
 38208 | Spider:3 | Banished Jorgrun
 38298 | Spider:3 | Reached skill level 13 in Evocations
 38367 | Spider:3 | Noticed an entropy weaver
 38373 | Spider:3 | Killed an entropy weaver
 38396 | Spider:3 | Noticed an entropy weaver
 38402 | Spider:3 | Killed an entropy weaver
 38409 | Spider:3 | Reached XP level 19. HP: 174/177 MP: 27/27
 38502 | Spider:3 | Found a large runed translucent door.
 38502 | Spider:3 | Found a large runed translucent door.
 38502 | Spider:3 | Noticed Vuetwaan's ghost (adept MiBe)
 38531 | Spider:3 | Killed Vuetwaan's ghost
 38539 | Spider:3 | Identified Xuseifol's Almanac of Igneous Enhancements
 38776 | Spider:4 | Entered Level 4 of the Spider Nest
 38776 | Spider:4 | Found the +2 hat of the Bear Spirit {Spirit, +Rage rN+
                  | MR++}
 39725 | Spider:4 | Noticed an entropy weaver
 39735 | Spider:4 | Killed an entropy weaver
 39849 | Spider:4 | Reached skill level 18 in Armour
 39888 | Spider:4 | Reached skill level 18 in Fighting
 40348 | Spider:4 | Got a gossamer rune of Zot
 40904 | Elf:3    | Entered Level 3 of the Elven Halls
 40904 | Elf:3    | Noticed a deep elf demonologist
 40907 | Elf:3    | Killed a deep elf demonologist
 41155 | Elf:3    | Reached skill level 14 in Evocations
 41156 | Elf:3    | Upgraded the game from 0.25-a0-161-gb7fd73da8f to
                  | 0.25-a0-164-gb55e97dba5
 41544 | Elf:3    | Noticed a deep elf sorcerer
 41556 | Elf:3    | Killed a deep elf sorcerer
 41583 | Elf:3    | Noticed a deep elf sorcerer
 41611 | Elf:3    | Killed a deep elf sorcerer
 41674 | Elf:3    | Noticed a deep elf demonologist
 41678 | Elf:3    | Noticed a deep elf sorcerer
 41680 | Elf:3    | Noticed a deep elf sorcerer
 41684 | Elf:3    | Corrupted Elf:3
 41694 | Elf:3    | Killed a deep elf demonologist
 41709 | Elf:3    | Killed a deep elf demonologist
 41715 | Elf:3    | Killed a deep elf sorcerer
 41738 | Elf:3    | Noticed a deep elf sorcerer
 41747 | Elf:3    | Killed a deep elf sorcerer
 41748 | Elf:3    | Noticed a deep elf sorcerer
 41750 | Elf:3    | Killed a deep elf sorcerer
 41751 | Elf:3    | Identified the cursed +3 broad axe of Subterfuge {flame,
                  | *Drain Str+7}
 41751 | Elf:3    | Identified the ring of Loocin {rF+ MR+ Stlth+}
 41761 | Elf:3    | Noticed a deep elf sorcerer
 41768 | Elf:3    | Killed a deep elf sorcerer
 41777 | Elf:3    | Killed a deep elf sorcerer
 41945 | Elf:3    | Identified Sif Muna's Reference Book on Hexes and Talismans
 41954 | Elf:3    | Identified the cursed +1 plate armour of the Yeti {rC+ rN+
                  | Stlth+}
 42067 | Elf:3    | Found the +0 pair of fencer's gloves {Riposte Dex+3}
 42081 | Elf:3    | Identified the +6 short sword "Hell-Harrower" {freeze,
                  | Int+4}
 42129 | Elf:3    | Identified the +1 chain mail of Vishrazx Uvve {rPois MR+}
                  | (You found it on level 3 of the Elven Halls)
 42269 | Elf:3    | Found a huge runed gate.
 42269 | Elf:3    | Found a huge runed gate.
 42270 | Elf:3    | Found a huge runed gate.
 42273 | Elf:3    | Found a huge runed gate.
 42274 | Elf:3    | Found a huge runed gate.
 42274 | Elf:3    | Found a huge runed gate.
 42274 | Elf:3    | Found a huge runed gate.
 42341 | Elf:3    | Found a huge runed gate.
 42341 | Elf:3    | Found a huge runed gate.
 42342 | Elf:3    | Found a huge runed gate.
 42342 | Elf:3    | Found a huge runed gate.
 42342 | Elf:3    | Found a huge runed gate.
 42343 | Elf:3    | Found a huge runed gate.
 42344 | Elf:3    | Found a huge runed gate.
 42358 | Elf:3    | Found a runed door.
 42358 | Elf:3    | Found a huge runed gate.
 42360 | Elf:3    | Found a huge runed gate.
 42361 | Elf:3    | Found a huge runed gate.
 42364 | Elf:3    | Found a huge runed gate.
 42364 | Elf:3    | Found a huge runed gate.
 42365 | Elf:3    | Found a huge runed gate.
 42368 | Elf:3    | Found a huge runed gate.
 42368 | Elf:3    | Found a huge runed gate.
 42369 | Elf:3    | Found a huge runed gate.
 42384 | Elf:3    | Noticed a hellephant
 42435 | Elf:3    | Reached XP level 20. HP: 189/189 MP: 29/29
 42971 | D:13     | Identified a +9 broad axe of distortion (a +9 broad axe
                  | corrupted by Lugonu)
 42971 | D:13     | Received a gift from Lugonu
 43481 | Depths:1 | Entered Level 1 of the Depths
 43486 | Depths:1 | Reached skill level 1 in Axes
 43490 | Depths:1 | Reached skill level 2 in Axes
 43492 | Depths:1 | Reached skill level 3 in Axes
 43518 | Depths:1 | Reached skill level 4 in Axes
 43657 | Depths:1 | Found a sparkling altar of Nemelex Xobeh.
 43674 | Depths:1 | Reached skill level 5 in Axes
 43688 | Depths:2 | Reached skill level 6 in Axes
 43723 | Depths:2 | Reached skill level 7 in Axes
 43857 | Depths:2 | Reached skill level 8 in Axes
 43911 | Depths:1 | Reached skill level 9 in Axes
 43994 | Depths:1 | Reached skill level 10 in Axes
 44237 | Depths:1 | Found a one-way gate leading to the halls of Pandemonium.
 44398 | Depths:1 | Found a one-way gate to the infinite horrors of the Abyss.
 44598 | Depths:1 | Reached skill level 11 in Axes
 44752 | Depths:1 | Found a gateway to Hell.
 45014 | Depths:2 | Reached skill level 12 in Axes
 45176 | Depths:2 | Reached skill level 13 in Axes
 45472 | Depths:2 | Noticed a Tzitzimitl
 45472 | Depths:2 | Noticed a Tzitzimitl
 45764 | Depths:2 | Reached skill level 14 in Axes
 45920 | Depths:2 | Found a gateway to a ziggurat.
 46004 | Depths:2 | Reached XP level 21. HP: 193/196 MP: 30/30
 46160 | Depths:3 | Reached skill level 15 in Axes
 46353 | Depths:3 | Identified the +8 short sword "Dorauxio" {protect, rElec}
                  | (You found it on level 3 of the Depths)
 46512 | Depths:3 | Reached skill level 15 in Evocations
 46878 | Depths:3 | Reached skill level 16 in Evocations
 46920 | Depths:3 | Found a runed translucent gate.
 46920 | Depths:3 | Found a runed translucent gate.
 46920 | Depths:3 | Found a runed translucent gate.
 46936 | Depths:3 | Noticed a caustic shrike
 46937 | Depths:3 | Noticed a golden dragon
 46937 | Depths:3 | Noticed a lich
 46938 | Depths:3 | Found a runed translucent gate.
 46938 | Depths:3 | Found a runed translucent gate.
 46938 | Depths:3 | Found a runed translucent gate.
 46973 | Depths:3 | Identified the ring "Let Inek" {rC+ Int+4}
 46994 | Depths:3 | Killed a caustic shrike
 47132 | Depths:3 | Reached skill level 17 in Evocations
 47182 | Depths:3 | Killed a golden dragon
 47349 | Depths:4 | Found a corrupted altar of Lugonu.
 47500 | Depths:4 | Reached skill level 18 in Evocations
 47674 | Depths:4 | Reached skill level 19 in Fighting
 47682 | Depths:4 | Noticed a caustic shrike
 47693 | Depths:4 | Killed a caustic shrike
 47722 | Depths:4 | Identified the ring "Geadd" {*Drain rF+ MP+9 Int+2 Dex+2}
 47725 | Depths:4 | Identified the ring "Taoloem" {+Blink MR+ Dex+7}
 47730 | Depths:4 | Reached skill level 13 in Dodging
 47739 | Depths:4 | Identified the amulet of the Duke {Acrobat rF+ rC+ Str-5
                  | Int+3}
 47769 | Depths:4 | Noticed a lich
 47778 | Depths:4 | Identified the ring "Rueh" {rElec Stlth-}
 47781 | Depths:4 | Killed a lich
 47825 | Depths:4 | Noticed a lich
 47833 | Depths:4 | Killed a lich
 48713 | Depths:5 | Entered Level 5 of the Depths
 48721 | Depths:5 | Reached XP level 22. HP: 205/205 MP: 34/34
 48782 | Depths:5 | Noticed a juggernaut
 48792 | Depths:5 | Found a gate to the Realm of Zot.
 48803 | Depths:5 | Reached skill level 13 in Invocations
 48832 | Depths:5 | Noticed a golden dragon
 48912 | Depths:5 | Noticed a golden dragon
 48914 | Depths:5 | Banished a golden dragon
 49024 | Depths:5 | Killed a juggernaut
 49580 | Depths:5 | Noticed a deep elf demonologist
 49584 | Depths:5 | Killed a deep elf demonologist
 49892 | Depths:3 | Killed a lich
 50074 | Vaults:1 | Entered Level 1 of the Vaults
 50114 | Vaults:1 | Reached skill level 14 in Dodging
 50370 | Vaults:1 | Reached skill level 19 in Armour
 50823 | Vaults:1 | Found Lacum's Antique Armour Emporium.
 50937 | Vaults:1 | Got a slimy chain mail
 50938 | Vaults:1 | Identified the cursed +1 chain mail of Xeirph {Int+2} (You
                  | found it on level 1 of the Vaults)
 51095 | Vaults:1 | Noticed Saint Roka
 51437 | Vaults:1 | Banished Saint Roka
 51717 | Vaults:1 | Found Lacum's Antique Armour Emporium.
 52459 | Vaults:2 | Reached skill level 14 in Invocations
 52746 | Vaults:2 | Reached skill level 19 in Evocations
 52830 | Vaults:2 | Reached XP level 23. HP: 213/213 MP: 35/35
 52831 | Vaults:2 | Noticed a deep elf demonologist
 52846 | Vaults:2 | Killed a deep elf demonologist
 52870 | Vaults:2 | Reached skill level 15 in Dodging
 53657 | Vaults:3 | Found a staircase to the Crypt.
 53716 | Crypt:1  | Entered Level 1 of the Crypt
 53788 | Crypt:1  | Reached skill level 20 in Armour
 54064 | Crypt:1  | Reached skill level 15 in Invocations
 54103 | Crypt:1  | Noticed a curse skull
 54112 | Crypt:1  | Killed a curse skull
 54238 | Crypt:1  | Noticed a curse skull
 54272 | Crypt:1  | Banished a curse skull
 54523 | Crypt:2  | Noticed Mara
 54678 | Crypt:2  | Noticed a curse skull
 54683 | Crypt:2  | Killed a curse skull
 54861 | Crypt:3  | Entered Level 3 of the Crypt
 54900 | Crypt:2  | Noticed hittemvvvvvvvvvhard's illusion
 54921 | Crypt:2  | Cast into level 5 of the Abyss (hittemvvvvvvvvvhard's
                  | illusion)
 54921 | Abyss:5  | Entered Level 5 of the Abyss
 54934 | Crypt:2  | Escaped the Abyss
 55157 | Crypt:2  | Noticed hittemvvvvvvvvvhard's illusion
 55207 | Crypt:2  | Reached skill level 16 in Invocations
 55567 | Crypt:2  | Noticed Sojobo
 55576 | Crypt:2  | Banished Sojobo
 55859 | Crypt:2  | Killed Mara
 56102 | Crypt:3  | Noticed a curse skull
 56117 | Crypt:3  | Killed a curse skull
 56155 | Crypt:3  | Noticed a lich
 56161 | Crypt:3  | Killed a lich
 56423 | Crypt:3  | Found a staircase to the Tomb.
 56671 | Crypt:3  | Found a basalt altar of Yredelemnul.
 56693 | Crypt:3  | Identified the Disquisition on Stolen Souls
 56695 | Crypt:3  | hittemvvvvvvvvvhard: 717
 56718 | Crypt:3  | Noticed a curse skull
 56902 | Crypt:3  | Learned a level 1 spell: Summon Butterflies
 57005 | Crypt:3  | Noticed a lich
 57014 | Crypt:3  | Killed a lich
 57014 | Crypt:3  | Reached skill level 1 in Summonings
 57015 | Crypt:3  | Reached skill level 1 in Spellcasting
 57015 | Crypt:3  | Reached XP level 24. HP: 222/222 MP: 35/35
 57157 | Crypt:3  | Reached skill level 2 in Summonings
 57192 | Crypt:3  | Identified the Volume of Twisted Evil
 57252 | Crypt:3  | Banished a curse skull
 57256 | Crypt:3  | Reached skill level 2 in Spellcasting
 57338 | Crypt:3  | Noticed a lich
 57349 | Crypt:3  | Noticed a Brimstone Fiend
 57352 | Crypt:3  | Noticed a Brimstone Fiend
 57354 | Crypt:3  | Banished a lich
 57544 | Crypt:3  | Reached skill level 3 in Summonings
 57705 | Crypt:3  | Reached skill level 3 in Spellcasting
 57770 | Crypt:3  | Identified the amulet of Wu Jian's Hatred {rC+ Regen+ SInv}
                  | (You found it on level 3 of the Crypt)
 57771 | Crypt:3  | Identified the ring "Qifuik" {-Tele rN+ MR+ Dex+4} (You
                  | found it on level 3 of the Crypt)
 57772 | Crypt:3  | Identified the ring "Wiegus" {rPois rN+ Int-3 Stlth+} (You
                  | found it on level 3 of the Crypt)
 58041 | Vaults:3 | Reached skill level 4 in Summonings
 58192 | Vaults:3 | Identified the +10 fustibalus "Akuoseoqa" {freeze, +Blink
                  | rC- SInv} (You found it on level 3 of the Vaults)
 58428 | Vaults:3 | Reached skill level 5 in Summonings
 59068 | Vaults:4 | Found a runed translucent door.
 59068 | Vaults:4 | Noticed Isedumueph's ghost (veteran HuFi)
 59087 | Vaults:4 | Noticed a lich
 59092 | Vaults:4 | Killed a lich
 59103 | Vaults:4 | Reached skill level 6 in Summonings
 59402 | Vaults:4 | Reached skill level 4 in Spellcasting
 59423 | Vaults:4 | Reached skill level 7 in Summonings
 59854 | Vaults:4 | Reached skill level 20 in Fighting
 60056 | Vaults:4 | Reached skill level 8 in Summonings
 60556 | Vaults:4 | Banished Isedumueph's ghost
 60810 | Vaults:5 | Entered Level 5 of the Vaults
 60810 | Vaults:5 | Noticed an ancient lich
 60867 | Vaults:5 | Reached skill level 21 in Fighting
 60888 | Vaults:5 | Reached XP level 25. HP: 224/235 MP: 35/35
 60890 | Vaults:5 | Corrupted Vaults:5
 61101 | Vaults:5 | Banished an ancient lich
 61101 | Vaults:5 | Reached skill level 22 in Fighting
 61220 | Vaults:5 | Noticed an ancient lich
 61227 | Vaults:5 | Killed an ancient lich
 61291 | Vaults:5 | Reached skill level 23 in Fighting
 61556 | Vaults:5 | Noticed an entropy weaver
 61560 | Vaults:5 | Noticed a lich
 61566 | Vaults:5 | Killed an entropy weaver
 61570 | Vaults:5 | Killed a lich
 61713 | Vaults:5 | Got a silver rune of Zot
 61867 | Vaults:5 | Identified the +9 mace "Ukan Biucw" {protect, rF+++ Dex+5}
 61871 | Vaults:5 | Reached skill level 21 in Armour
 62033 | Vaults:5 | Identified Sif Muna's Volume of Evil Heat
 62112 | Vaults:5 | Noticed a deep elf sorcerer
 62117 | Vaults:5 | Killed a deep elf sorcerer
 62230 | Vaults:5 | Noticed a lich
 62237 | Vaults:5 | Killed a lich
 63154 | D:4      | Banished dannycarnage's ghost
 63444 | Spider:2 | Got a distressingly furry plate armour
 63445 | Spider:2 | Identified the +1 plate armour of Myum {rN++} (You found it
                  | on level 2 of the Spider Nest)
 63448 | Spider:2 | Got a flickering marble ring
 63449 | Spider:2 | Identified the cursed ring of Aront {+Blink rPois Str+2
                  | Int-2} (You found it on level 2 of the Spider Nest)
 63462 | Spider:2 | Got a slimy copper ring
 63463 | Spider:2 | Identified the ring "Lorumohu" {AC+4 Str+3} (You found it
                  | on level 2 of the Spider Nest)
 63474 | Spider:2 | Reached skill level 17 in Invocations
 63746 | Orc:1    | Killed bmj180's ghost
 64057 | Depths:2 | Killed a Tzitzimitl
 64057 | Depths:2 | Reached skill level 22 in Armour
 64126 | Depths:2 | Killed a Tzitzimitl
 64498 | Orc:2    | Bought a potion of magic for 144 gold pieces
 64498 | Orc:2    | Bought a potion of agility for 72 gold pieces
 64498 | Orc:2    | Bought a potion of resistance for 180 gold pieces
 66400 | Depths:5 | Reached XP level 26. HP: 251/251 MP: 35/35
 66504 | D:15     | Bought a wand of scattershot (5) for 297 gold pieces
 66504 | D:15     | Bought a wand of iceblast (8) for 132 gold pieces
 66634 | Zot:1    | Entered Level 1 of the Realm of Zot
 66993 | Zot:1    | Reached skill level 16 in Shields
 67424 | Zot:3    | Reached skill level 17 in Shields
 67801 | Zot:5    | Entered Level 5 of the Realm of Zot
 68106 | Zot:5    | Reached skill level 18 in Shields
 68688 | Zot:5    | Corrupted Zot:5
 68698 | Zot:5    | Killed an ancient lich
 68705 | Zot:5    | Killed an ancient lich
 68720 | Zot:5    | Killed an orb of fire
 68729 | Zot:5    | Killed an orb of fire
 68745 | Zot:5    | Killed an orb of fire
 68771 | Zot:5    | Killed an orb of fire
 69453 | Zot:5    | Reached skill level 19 in Shields
 69833 | Zot:5    | Got the Orb of Zot
 69995 | Zot:1    | Noticed an Ice Fiend
 70169 | D:12     | Noticed Jedomun the pandemonium lord
 70169 | D:12     | Noticed an Ice Fiend
 70237 | D:11     | Noticed Zaiprin the pandemonium lord
 70297 | D:8      | Noticed an Ice Fiend
 70499 | D:2      | Killed Crazy Yiuf
 70613 | D:$      | Escaped with the Orb!

Table legend:
 A = Turns spent in this place as a percentage of turns spent in the entire game.
 B = Non-inter-level travel turns spent in this place as a percentage of non-inter-level travel turns spent in the entire game.
 C = Inter-level travel turns spent in this place as a percentage of turns spent in this place.
 D = Turns resting spent in this place as a percentage of non-inter-level travel turns spent in this place.
 E = Turns spent auto-exploring this place as a percentage of non-inter-level travel turns spent in this place.
 F = Non-inter-level travel turns spent in this place divided by the number of levels of this place that you've seen.
                   A       B       C       D       E      F
               +-------+-------+-------+-------+-------+----------------------
         Total | 100.0 | 100.0 |  11.1 |   8.6 |  64.3 | 1081.8
       Dungeon |  27.8 |  27.2 |  13.1 |   5.2 |  72.1 | 1137.7
          Lair |  10.4 |  10.4 |  11.4 |   1.9 |  76.6 | 1088.7
        Shoals |   6.4 |   6.8 |   6.2 |  23.6 |  52.1 | 1063.0
   Spider Nest |   7.4 |   7.5 |   9.3 |   2.4 |  65.5 | 1181.5
  Orcish Mines |   2.4 |   2.1 |  21.8 |   0.0 |  76.1 | 672.5
   Elven Halls |   8.2 |   8.0 |  12.9 |  18.1 |  55.3 | 1679.7
        Vaults |  13.2 |  13.1 |  11.7 |   2.9 |  68.5 | 1639.4
         Crypt |   5.9 |   6.4 |   3.5 |   6.9 |  61.5 | 1332.7
        Depths |  10.8 |  10.5 |  13.4 |   3.0 |  68.1 | 1320.4
           Zot |   4.8 |   4.9 |   9.5 |  39.5 |  22.2 | 610.0
         Abyss |   0.1 |   0.1 |   0.0 |   0.0 |   0.0 |  23.0
        Bailey |   0.6 |   0.7 |   0.0 |   0.0 |  45.9 | 412.0
      Ice Cave |   1.0 |   1.2 |   0.0 |  21.2 |  41.3 | 732.0
      Gauntlet |   1.0 |   1.2 |   0.0 |  38.4 |  22.6 | 726.0
               +-------+-------+-------+-------+-------+----------------------

Table legend:
 A = Kills in this place as a percentage of kills in entire the game.
 B = Kills by you in this place as a percentage of kills by you in the entire game.
 C = Kills by friends in this place as a percentage of kills by friends in the entire game.
 D = Other kills in this place as a percentage of other kills in the entire game.
 E = Experience gained in this place as a percentage of experience gained in the entire game.
 F = Experience gained in this place divided by the number of levels of this place that you have seen.
                   A       B       C       D       E      F
               +-------+-------+-------+-------+-------+----------------------
         Total | 100.0 | 100.0 | 100.0 | 100.0 | 100.0 | 24560.6
       Dungeon |  20.0 |  20.5 |   0.0 |  14.5 |   6.2 | 5887.1
          Lair |   7.7 |   8.1 |   0.0 |   3.6 |   3.7 | 8880.2
        Shoals |   5.0 |   5.2 |   0.0 |   1.8 |   4.8 | 16991.8
   Spider Nest |  11.6 |  12.0 |   0.0 |   7.7 |   8.9 | 31750.0
  Orcish Mines |   4.5 |   4.4 |   0.0 |   5.4 |   1.1 | 8071.0
   Elven Halls |   7.1 |   7.4 |   0.0 |   3.2 |   9.1 | 43185.0
        Vaults |  18.9 |  18.2 | 100.0 |  26.2 |  27.4 | 77991.6
         Crypt |   7.7 |   7.4 |   0.0 |  10.9 |  10.0 | 47563.3
        Depths |  12.4 |  11.9 |   0.0 |  17.6 |  20.5 | 58447.2
           Zot |   2.3 |   1.7 |   0.0 |   8.6 |   7.0 | 20033.4
         Abyss |   0.1 |   0.1 |   0.0 |   0.0 |   0.1 | 556.3
        Bailey |   0.5 |   0.6 |   0.0 |   0.0 |   0.2 | 2295.0
      Ice Cave |   2.0 |   2.1 |   0.0 |   0.0 |   0.6 | 9251.0
      Gauntlet |   0.4 |   0.4 |   0.0 |   0.5 |   0.3 | 4000.0
               +-------+-------+-------+-------+-------+----------------------

Skill      XL: |  1  2  3  4  5  6  7  8  9 10 11 12 13 14 15 16 17 18 19 20 21 22 23 24 25 26 |
---------------+-------------------------------------------------------------------------------+-----
Fighting       | 4 5 6 7 10 11 12 14 15 17 18 19 21 23 | 23.4
Maces & Flails | 4 5 6 8 9 12 13 16 | 16.0
Invocations    | 2 3 6 8 9 10 11 12 14 16 17 | 17.1
Armour         | 3 6 10 11 12 14 15 17 18 19 20 22 | 22.0
Evocations     | 3 6 7 8 9 11 13 14 18 19 | 19.1
Dodging        | 4 6 8 9 10 11 12 13 14 15 | 15.3
Shields        | 4 9 11 14 15 19 | 19.4
Axes           | 14 15 | 15.8
Summonings     | 1 8 |  8.0
Spellcasting   | 1 4 |  4.0

Action                   |  1- 3 |  4- 6 |  7- 9 | 10-12 | 13-15 | 16-18 | 19-21 | 22-24 | 25-27 || total
-------------------------+-------+-------+-------+-------+-------+-------+-------+-------+-------++-------
Melee: Mace              |    52 |    44 |       |       |       |       |       |       |       ||    96
       Headbutt          |     4 |    25 |    47 |   115 |   274 |   322 |   343 |   407 |   201 ||  1738
       Flail             |       |   135 |    78 |       |       |       |       |       |       ||   213
       Whip              |       |       |   221 |   608 |   670 |       |       |       |    19 ||  1518
       Morningstar       |       |       |       |       |   605 |  1369 |   573 |       |       ||  2547
       Broad axe         |       |       |       |       |       |       |   735 |  1520 |   624 ||  2879
 Fire: Hunting sling     |    11 |    42 |       |       |       |       |       |       |       ||    53
Throw: Stone             |     9 |    43 |    17 |     4 |       |       |       |       |       ||    73
       Dart              |       |       |       |    70 |   105 |     1 |       |       |       ||   176
       Javelin           |       |       |       |       |    14 |       |       |       |       ||    14
Invok: Depart the Abyss  |     1 |       |       |       |       |     1 |       |     1 |       ||     3
       Banish            |       |       |    15 |    24 |    33 |    13 |    11 |    13 |    12 ||   121
       Bend Space        |       |       |       |     1 |     2 |       |       |       |       ||     3
       Corrupt           |       |       |       |       |       |       |     1 |       |     2 ||     3
       Brand Weapon With |       |       |       |       |       |       |     1 |       |       ||     1
 Abil: Evoke Berserk Rag |       |       |       |     8 |       |       |       |       |       ||     8
       Evoke Invisibilit |       |       |       |     2 |     2 |    15 |       |       |       ||    19
       Stop Flying       |       |       |       |       |       |       |     1 |       |       ||     1
Evoke: Wand              |       |       |     2 |       |     6 |    11 |     8 |     2 |    11 ||    40
       Box of beasts     |       |       |       |       |       |       |       |     1 |    30 ||    31
  Use: Scroll            |     4 |     4 |     7 |    11 |     8 |    11 |    10 |     7 |    20 ||    82
       Potion            |       |       |     2 |       |       |     1 |       |     1 |     4 ||     8
 Stab: Invisible         |       |       |       |     4 |     4 |    37 |       |       |       ||    45
       Paralysed         |       |       |       |       |       |       |     6 |       |     1 ||     7
       Distracted        |       |       |       |       |       |       |       |       |     1 ||     1
  Eat: Chunk             |     1 |    10 |    20 |    22 |    36 |    30 |    21 |    27 |     8 ||   175
       Ration            |       |       |       |     6 |     2 |     5 |     5 |     5 |    10 ||    33
Armor: Leather armour    |    13 |    22 |       |       |       |       |       |       |       ||    35
       Plate armour      |       |    52 |   152 |     8 |   384 |   662 |   619 |   499 |   252 ||  2628
       Scale mail        |       |       |       |   110 |    14 |       |       |       |       ||   124
Dodge: Dodged            |    32 |    89 |    60 |   272 |   519 |   875 |   785 |   661 |   286 ||  3579
       Deflected         |       |       |       |     7 |       |       |       |       |       ||     7
Block: Shield            |       |       |       |    36 |   592 |   926 |   831 |   719 |   210 ||  3314
       Large shield      |       |       |       |       |       |       |       |       |   240 ||   240

Vanquished Creatures
  An ancient lich (Vaults:5)
  Mara (Crypt:2)
  A juggernaut (Depths:5)
  2 caustic shrikes
  3 golden dragons
  A hellephant (Elf:3)
  2 Tzitzimimeh (Depths:2)
  8 liches
  A shard shrike skeleton (Crypt:3)
  The ghost of Vuetwaan the Executioner, an adept MiBe of Trog (Spider:3)
  9 tentacled monstrosities
  10 Orb Guardians (Zot:5)
  3 quicksilver dragons
  2 titans (Vaults:5)
  2 deep elf master archers (Elf:3)
  A deep elf blademaster (Elf:3)
  A death cob (Zot:2)
  5 sphinxes
  4 shadow dragons
  An ancient champion (Crypt:3)
  Kirke (D:14)
  5 tengu reavers
  4 revenants
  Ilsuiw (Shoals:2)
  2 draconian knights
  3 storm dragons
  2 draconian scorchers
  The ghost of bmj180 the Severer, a journeyman HOFi of Kikubaaqudgha (Orc:1)
  A cacodemon (D:12)
  6 fire giants
  6 frost giants
  An orc warlord (Vaults:4)
  7 deep elf sorcerers
  7 vault wardens
  5 ghost moths
  3 curse skulls
  4 emperor scorpions
  7 deep elf elementalists
  2 draconian shifters (Zot:2)
  2 iron dragons
  15 ironheart preservers
  2 draconian stormcallers
  7 ghouls
  A spriggan defender (Depths:3)
  2 war gargoyles
  16 stone giants
  17 very ugly things
  9 entropy weavers
  6 green draconians
  3 deep elf annihilators
  4 vampire knights
  3 deep elf demonologists
  A red draconian (Zot:2)
  A yellow draconian (Zot:3)
  A minotaur (Gauntlet)
  A spectral titan (Crypt:3)
  5 dire elephants (Elf:3)
  4 spark wasps
  A purple draconian (Zot:5)
  5 white draconians
  4 black draconians
  8 ettins
  3 blizzard demons
  5 eidola (Crypt:3)
  9 deep elf death magi
  9 fire dragons
  4 jiangshi
  11 merfolk impalers
  13 yaktaur captains
  2 merfolk javelineers
  7 deep elf high priests
  Harold (D:11)
  A quicksilver dragon zombie (Crypt:3)
  8 great orbs of eyes
  20 ogre magi
  A mummy priest (Crypt:3)
  5 spriggan air magi
  A quicksilver dragon skeleton (D:15)
  22 vault guards
  7 rakshasas
  A hell beast (D:12)
  3 hydras
  6 ice dragons
  6 death knights
  6 merfolk aquamancers
  An alligator snapping turtle (shapeshifter) (Depths:2)
  A merfolk avatar (Shoals:3)
  An alligator (shapeshifter) (Vaults:5)
  11 centaur warriors
  3 catoblepae (Lair:6)
  An alligator snapping turtle (Shoals:3)
  A spectral stone giant (Crypt:3)
  9 deep troll shamans
  A spectral frost giant (Crypt:3)
  58 two-headed ogres
  A spectral fire giant (Crypt:3)
  8 tengu warriors
  A satyr (Shoals:3)
  A queen ant (Spider:2)
  6 death yaks (Lair:6)
  A hell hog (Depths:2)
  3 orc high priests
  4 deep troll earth magi
  27 dancing weapons
  2 thrashing horrors (Abyss:5)
  6 vampire magi
  4 spriggan berserkers
  A small abomination (Crypt:3)
  12 hell knights
  A fire crab (shapeshifter) (Vaults:3)
  19 deep elf knights
  A salamander mystic (Depths:4)
  29 skeletal warriors
  3 iron trolls
  A sixfirhy (D:12)
  14 shadow wraiths
  An unseen horror (shapeshifter) (Depths:2)
  10 sea snakes
  A gelid demonspawn (Depths:1)
  A spectral anaconda (Crypt:3)
  23 deep trolls
  An infernal demonspawn (Depths:1)
  3 unseen horrors
  4 glowing orange brains
  2 wizards
  19 deep elf archers
  21 phantasmal warriors
  4 flayed ghosts
  9 necromancers
  16 orc knights
  11 harpies
  9 ironbrand convokers
  38 ugly things
  23 wolf spiders
  7 wolf spider zombies (Spider:1)
  A stone giant zombie (Crypt:1)
  7 orc sorcerers
  11 fauns
  A harpy (shapeshifter) (Vaults:4)
  A fire giant zombie (Vaults:1)
  26 orb spiders
  74 deep elf magi
  13 manticores
  8 cyclopes
  19 elephants
  A salamander (shapeshifter) (Vaults:2)
  3 salamanders (Depths:4)
  6 water nymphs
  A rust devil (Depths:1)
  2 elf zombies
  5 moths of wrath
  4 black mambas
  15 vault sentinels
  A smoke demon (Depths:1)
  2 ice statues
  10 merfolk sirens
  A fire giant skeleton (Crypt:2)
  A water nymph (shapeshifter) (Depths:1)
  9 spiny frogs
  A gargoyle (D:14)
  6 torpor snails
  5 rime drakes
  A dire elephant skeleton (Crypt:1)
  48 yaktaurs
  5 spectral swamp worms (Depths:5)
  A yaktaur (shapeshifter) (Vaults:1)
  8 komodo dragons
  2 kobold demonologists
  7 ice devils (IceCv)
  13 demonic crawlers
  18 freezing wraiths
  9 redback zombies (Spider:1)
  3 anaconda simulacra
  9 guardian mummies (Crypt:3)
  A queen bee (shapeshifter) (Vaults:5)
  27 merfolk
  4 tengu conjurers
  12 trolls
  A yaktaur skeleton (D:15)
  53 jumping spiders
  14 hornets
  A hornet (shapeshifter) (Gauntlet)
  A harpy skeleton (Crypt:3)
  A wind drake (shapeshifter) (Depths:5)
  10 blink frogs
  42 slime creatures
  A guardian serpent zombie (Crypt:2)
  3 dream sheep (Shoals:1)
  A spectral manticore (Crypt:3)
  9 tarantella zombies (Spider:1)
  3 polar bears
  An alligator zombie (Crypt:1)
  2 bog bodies
  An ettin zombie (D:15)
  2 wind drakes
  A stone giant simulacrum (Crypt:1)
  A fire dragon zombie (Crypt:3)
  9 hippogriffs
  9 snapping turtles
  A hippogriff (shapeshifter) (Vaults:2)
  A guardian serpent skeleton (Crypt:1)
  A redback (shapeshifter) (Vaults:5)
  7 shadows
  90 redbacks
  11 flying skulls (Crypt:3)
  A tarantella (shapeshifter) (D:14)
  3 spriggans (shapeshifter)
  A satyr skeleton (Crypt:2)
  30 tarantellas
  2 spriggans (Depths:3)
  19 water elementals
  65 yaks
  21 wraiths
  5 wyverns
  2 dire elephant simulacra (IceCv)
  An alligator skeleton (Crypt:2)
  3 hogs (D:14)
  2 basilisks
  2 fire bats (Gauntlet)
  A basilisk (shapeshifter) (Elf:1)
  4 hungry ghosts
  8 fire elementals
  9 humans (D:14)
  A human (shapeshifter) (Vaults:5)
  A neqoxec (Depths:1)
  4 harpy simulacra (IceCv)
  5 wargs
  2 death yak simulacra (IceCv)
  A spectral spiny frog (Crypt:3)
  4 iron troll simulacra (IceCv)
  9 hell hounds
  An infernal demonspawn skeleton (Crypt:3)
  A spiny frog zombie (Crypt:3)
  8 water moccasins
  3 soldier ants
  3 hydra simulacra (IceCv)
  7 porcupines
  5 ice beasts
  A two-headed ogre skeleton (Crypt:1)
  2 sky beasts
  A spiny frog skeleton (Crypt:3)
  A hornet zombie (Vaults:1)
  An eye of draining (D:14)
  48 orc warriors
  3 phantoms
  3 black bears
  A black bear (shapeshifter) (Elf:3)
  A lindwurm zombie (Crypt:3)
  An ettin simulacrum (Depths:2)
  4 necrophages
  A snapping turtle zombie (Crypt:1)
  43 ogres
  3 boggarts (Depths:4)
  18 wolves
  A lindwurm skeleton (Crypt:2)
  22 centaurs
  A snapping turtle skeleton (Crypt:3)
  A swamp dragon skeleton (Crypt:2)
  17 crocodiles
  7 big kobolds
  22 bullfrogs
  A wyvern zombie (D:14)
  3 water moccasin zombies
  3 earth elementals (Elf:1)
  4 scorpions
  4 jellies
  6 wights
  5 killer bees (D:11)
  12 electric eels
  A yak skeleton (Crypt:3)
  2 howler monkeys (D:10)
  12 crimson imps
  2 bullfrog zombies
  2 hounds
  A quasit (D:10)
  2 centaur zombies
  A soldier ant zombie (Crypt:3)
  4 bullfrog skeletons
  23 orc wizards
  A basilisk zombie (Crypt:3)
  2 draconian simulacra (IceCv)
  Crazy Yiuf (D:2)
  A black bear skeleton (Crypt:2)
  6 centaur skeletons
  2 iron imps (Depths:1)
  39 orc priests
  6 iguanas
  16 worker ants
  4 polar bear simulacra (IceCv)
  2 troll simulacra (IceCv)
  4 spriggan simulacra
  A tengu zombie (Crypt:3)
  A centaur simulacrum (IceCv)
  3 human simulacra
  A hound zombie (D:9)
  3 hound skeletons
  A howler monkey zombie (D:10)
  8 gnolls
  16 adders
  An adder (shapeshifter) (Vaults:5)
  A naga simulacrum (IceCv)
  7 shadow imps
  7 white imps (IceCv)
  4 ufetubi (IceCv)
  A halfling zombie (Crypt:3)
  3 oozes
  An adder zombie (D:4)
  An iguana skeleton (Crypt:1)
  A lava snake skeleton (Crypt:1)
  3 worms
  A worm (shapeshifter) (Vaults:1)
  6 dart slugs
  10 leopard geckos
  135 orcs
  A ball python (D:6)
  5 bats
  4 giant cockroaches
  11 goblins
  7 hobgoblins
  20 jackals
  25 kobolds
  11 quokkas
  A ball python skeleton (D:4)
  4 frilled lizards
  A giant cockroach zombie (D:5)
  A jackal zombie (D:4)
  A leopard gecko skeleton (D:5)
  2 leopard gecko zombies
  A quokka zombie (Crypt:2)
  9 rats
  A rat skeleton (Crypt:1)
  A withered plant (D:15)
2441 creatures vanquished.

Vanquished Creatures (collateral kills)
  A deep elf mage (Vaults:5)
1 creature vanquished.

Vanquished Creatures (others)
  4 orbs of fire (Zot:5)
  2 ancient liches (Zot:5)
  A Killer Klown (Zot:5)
  The ghost of Isedumueph the Tortoise, a veteran HuFi of Hepliaklqana (Vaults:4)
  2 golden dragons (Depths:5)
  An electric golem (Zot:5)
  7 Orb Guardians
  A titan (Vaults:5)
  A deep elf blademaster (Elf:3)
  A lich (Crypt:3)
  2 ancient champions
  A sphinx (Vaults:4)
  2 death cobs
  2 shadow dragons
  A tengu reaver (Vaults:5)
  2 storm dragons
  A fire giant (Vaults:5)
  A revenant (Crypt:3)
  A vault warden (Vaults:5)
  2 deep elf sorcerers (Elf:3)
  A draconian knight (Zot:5)
  3 frost giants
  2 curse skulls
  A draconian scorcher (Zot:1)
  4 deep elf elementalists
  A draconian stormcaller (Zot:3)
  A ghoul (Crypt:2)
  2 draconian shifters
  4 very ugly things
  4 ironheart preservers
  3 stone giants
  2 deep elf demonologists (Elf:3)
  A vampire knight (Crypt:1)
  2 entropy weavers (Spider:2)
  5 deep elf annihilators (Elf:3)
  A black draconian (Zot:5)
  A red draconian (Zot:5)
  3 purple draconians
  A spark wasp (Spider:4)
  A white draconian (Zot:3)
  2 merfolk javelineers
  3 deep elf death magi
  2 ogre magi
  2 fire dragons
  4 yaktaur captains
  A monstrous demonspawn (D:2)
  A great orb of eyes (Depths:3)
  5 hydras
  3 ice dragons
  4 vault guards (Vaults:5)
  A dancing weapon (Elf:1)
  A death knight (Vaults:4)
  A merfolk aquamancer (Shoals:4)
  A spectral fire giant (Crypt:3)
  A deep troll shaman (Depths:5)
  A hell hog (Gauntlet)
  10 two-headed ogres
  2 tengu warriors
  A deep troll earth mage (Vaults:4)
  4 orc high priests (Orc:2)
  A titan zombie (Depths:2)
  2 hell knights (Depths:2)
  4 shadow wraiths (Crypt:3)
  4 deep elf knights
  A skeletal warrior (Depths:2)
  An unseen horror (shapeshifter) (Depths:1)
  A flayed ghost (Crypt:3)
  3 deep trolls
  A wizard (Depths:4)
  2 ironbrand convokers
  A necromancer (Crypt:3)
  5 phantasmal warriors
  7 orc knights
  A harpy (Vaults:5)
  2 deep elf archers
  9 orb spiders
  An orc sorcerer (Orc:1)
  A frost giant zombie (Depths:2)
  A human zombie (Vaults:1)
  10 deep elf magi
  2 cyclopes
  An ugly thing (Depths:2)
  A moth of wrath (Zot:3)
  A slime creature (Vaults:2)
  A vault sentinel (Vaults:1)
  The ghost of dannycarnage the Stinger, a novice DrVM of Sif Muna (D:4)
  A kobold demonologist (D:11)
  A demonic crawler (Spider:2)
  A small abomination (Elf:3)
  4 yaktaurs
  A freezing wraith (Crypt:3)
  2 jumping spiders (Spider:4)
  A hydra zombie (Crypt:1)
  2 hornets
  2 redbacks (Spider:2)
  A flying skull (Crypt:3)
  A wraith (Crypt:3)
  A shadow (Crypt:3)
  A human (D:14)
  A satyr skeleton (Crypt:3)
  A water elemental (Shoals:4)
  A yaktaur simulacrum (Vaults:2)
  A soldier ant (D:8)
  A hell hound (Depths:2)
  4 orc warriors
  A sky beast (D:10)
  3 ogres
  A boggart (Depths:4)
  A centaur (Vaults:2)
  A bullfrog (D:8)
  An earth elemental (Elf:1)
  A queen bee zombie (Crypt:2)
  A wight (D:6)
  3 electric eels (D:10)
  A jelly (D:8)
  4 orc priests
  An orc wizard (Vaults:5)
  2 white imps
  A fungus (Lair:2)
  12 plants
  17 starspawn tentacles
273 creatures vanquished.

Grand Total: 2715 creatures vanquished
